 Dungeon Crawl Stone Soup version 0.29.1-1-gd02db6906a (webtiles) character file.

Game seed: 1895934223987476535

8369 keekatzer the Protected (level 11, -4/87 HPs)
             Began as a Formicid Fighter on Sept 24, 2022.
             Was a Priest of Zin.
             Slain by a yak (13 damage)
             ... on level 9 of the Dungeon.
             The game lasted 00:45:02 (8389 turns).

keekatzer the Protected (Formicid Fighter)          Turns: 8389, Time: 00:45:03

Health: -4/87      AC: 16    Str: 31    XL:     11   Next: 54%
Magic:  14/14      EV: 14    Int:  7    God:    Zin [***...]
Gold:   414        SH:  7    Dex: 17    Spells: 10/10 levels left

rFire   . . .      SeeInvis +   r - +5 club (spect)
rCold   . . .      Faith    .   c - +0 buckler
rNeg    . . .      Spirit   .   t - +0 plate armour
rPois   .          Reflect  .   (helmet unavailable)
rElec   .          Harm     .   (no cloak)
rCorr   .          Rampage  .   (no gloves)
Will    +....                   e - +0 pair of boots
Stlth   ..........              (no amulet)
HPRegen 0.24/turn               s - ring of Dusylu Exyo {Fly Str+9}
MPRegen 0.14/turn               q - +4 ring of evasion

@: flying
A: permanent stasis, dig shafts and tunnels, antennae 3, four strong arms
a: Dig, Shaft Self, Renounce Religion, Recite, Vitalisation, Imprison, Donate
Gold


You were on level 9 of the Dungeon.
You worshipped Zin.
Zin was most pleased with you.
You visited 2 branches of the dungeon, and saw 10 of its levels.

You collected 460 gold pieces.
You donated 46 gold pieces to Zin.

Inventory:

Hand Weapons
 r - a +5 spectral club (weapon)
 F - a +5 long sword
 G - a +2 battleaxe
 H - a +5 flail
Armour
 c - a +0 buckler (worn)
 e - a +0 pair of boots (worn)
 t - a +0 plate armour (worn)
 v - a +2 leather armour of cold resistance
Magical Staves
 p - a staff of conjuration
 C - a staff of air
Jewellery
 b - a ring of protection from cold
 n - a ring of magical power
 q - a +4 ring of evasion (right hand)
 s - the ring of Dusylu Exyo (left hand) {Fly Str+9}
   (You found it on level 5 of the Dungeon)

   [ring of flight]

   Str:       It affects your strength (+9).
   Fly:       It grants you flight.
Wands
 u - a wand of polymorph (15)
 A - a wand of paralysis (1)
 D - a wand of flame (23)
Scrolls
 a - 2 scrolls of acquirement {unknown}
 f - 2 scrolls of vulnerability {unknown}
 h - 10 scrolls of identify {unknown}
 i - a scroll of silence {unknown}
 l - a scroll of enchant armour {unknown}
 m - 3 scrolls of magic mapping {unknown}
 w - a scroll of fog {unknown}
 x - 3 scrolls of teleportation {unknown}
 y - a scroll of blinking {unknown}
 z - a scroll of poison {unknown}
 B - a scroll of fear {unknown}
Potions
 d - a potion of might
 g - 4 potions of flight
 k - a potion of berserk rage {unknown}
 o - 3 potions of brilliance
 E - a potion of haste {unknown}
 I - a potion of magic {unknown}
 J - a potion of attraction {unknown}


   Skills:
 - Level 8.8 Fighting
 + Level 5.1(5.3) Maces & Flails
 - Level 1.3(1.9) Polearms
 - Level 2.0(4.0) Staves
 - Level 11.6 Armour
 - Level 4.2 Dodging
 - Level 0.3 Stealth
 - Level 11.0 Shields
 - Level 5.3 Invocations


You had 10 spell levels left.
You didn't know any spells.
Your spell library contained the following spells:

 Spells                   Type           Power      Damage    Failure   Level
 Beastly Appendage        Tmut           0%         N/A       97%         1
 Freeze                   Ice            0%         1d3       97%         1
 Sandblast                Erth           0%         2d4       97%         1
 Passwall                 Tmut/Erth      0%         N/A       99%         2
 Sublimation of Blood     Necr           0%         N/A       99%         2
 Wereblood                Tmut           0%         N/A       99%         2
 Frozen Ramparts          Ice            0%         1d1       100%        3
 Spider Form              Tmut/Pois      0%         N/A       100%        3
 Stone Arrow              Conj/Erth      0%         3d7       100%        3
 Tukima's Dance           Hex            0%         N/A       100%        3
 Hailstorm                Conj/Ice       0%         3d3       100%        4
 Passage of Golubria      Tloc           0%         N/A       100%        4
 Freezing Cloud           Conj/Ice/Air   0%         6-21      100%        5
 Yara's Violent Unravell  Hex/Tmut       0%         3d3       100%        5
 Simulacrum               Ice/Necr       0%         N/A       100%        6
 Summon Hydra             Summ           0%         N/A       100%        7
 Polar Vortex             Ice            0%         N/A       100%        9


Dungeon Overview and Level Annotations

Branches:
Dungeon (9/15)             Temple (1/1) D:6
   Lair: D:8-11         Orc: D:9-12

Altars:
Ashenzari
Dithmenos
Fedhas
Gozag
Hepliaklqana
Kikubaaqudgha
Nemelex Xobeh
Okawaru
Qazlal
Ru
Uskayaw
Vehumet
Wu Jian
Xom
Yredelemnul
Zin
The Shining One


Innate Abilities, Weirdness & Mutations

You cannot be hasted, slowed, berserked, paralysed or teleported.
You can dig through walls and to a lower floor.
You have a pair of large antennae on your head. (SInv)
Your four strong arms can wield two-handed weapons with a shield.


Message History

The yak closely misses you.
You hit the yak.
The yak is severely wounded.
The yak gores you.
* * * LOW HITPOINT WARNING * * *
You hit the yak.
The yak is severely wounded.
You block the yak's attack.
You thump the yak!
The yak is almost dead.
You block the yak's attack.
You hit the yak but do no damage.
The yak is almost dead.
The yak gores you!
* * * LOW HITPOINT WARNING * * *
You hit the yak.
The yak is almost dead.
You block the yak's attack.
You barely miss the yak.
The yak is almost dead.
The yak misses you.
You hit the yak.
You kill the yak!
Your Maces & Flails skill increases to level 5!
You barely miss the yak. You block the yak's attack.
You hit the yak but do no damage. The yak gores you but does no damage.
You block the yak's attack.
You hit the yak.
The yak is lightly wounded.
The yak barely misses you.
You barely miss the yak.
The yak is lightly wounded.
You block the yak's attack.
You hit the yak.
The yak is moderately wounded.
You block the yak's attack.
You hit the yak.
The yak is heavily wounded.
The yak gores you!
You die...

##..###.........Y...
#...##...........Y.
##...........###...
#..######...### {
### ###†# { #.# {
#.# #Y# #@# ###


You could see a yak.

Vanquished Creatures
  A two-headed ogre (D:9)
  A cyclops (D:7)
  Joseph (D:8)
  A troll (D:7)
  A hornet (D:9)
  17 yaks
  A wyvern (D:7)
  Eustachio (D:6)
  A steam dragon (D:7)
  Grum (D:8)
  Duvessa (D:6)
  3 orc warriors
  A water moccasin (D:7)
  2 ice beasts (D:6)
  A sky beast (D:7)
  2 black bears
  2 centaurs
  2 wolves (D:8)
  A phantom (D:5)
  Blork the orc (D:6)
  2 kobold brigands
  A necrophage (D:5)
  9 scorpions
  10 wights (D:8)
  Dowan (D:6)
  3 killer bees (D:8)
  2 howler monkeys
  2 hounds
  A jelly (D:5)
  2 gnoll boudas (D:7)
  2 orc priests (D:8)
  Ijyb (D:3)
  Terence (D:3)
  4 iguanas
  Natasha (thrice) (D:3)
  2 orc wizards
  12 gnolls
  11 adders
  A shadow imp (D:7)
  2 white imps
  An ufetubus (D:4)
  2 worms
  2 dart slugs (D:2)
  14 orcs
  10 endoplasms
  2 giant cockroaches (D:1)
  3 hobgoblins
  11 kobolds
  2 quokkas
  9 ball pythons
  10 bats
  7 frilled lizards
  9 goblins
  5 rats
201 creatures vanquished.

Vanquished Creatures (others)
  4 fungi (D:4)
  5 plants (D:4)
9 creatures vanquished.

Grand Total: 210 creatures vanquished

Notes
Turn   | Place    | Note
-------+----------+-------------------------------------------
     0 | D:1      | keekatzer the Formicid Fighter began the quest for the Orb.
     0 | D:1      | Reached XP level 1. HP: 18/18 MP: 1/1
   110 | D:1      | You fall into a shaft and drop 1 floor!
   173 | D:2      | Reached XP level 2. HP: 21/24 MP: 2/2
   297 | D:2      | Reached XP level 3. HP: 29/29 MP: 3/3
  1239 | D:2      | Reached XP level 4. HP: 37/37 MP: 4/4
  1434 | D:2      | Found a shimmering altar of Xom.
  1699 | D:3      | Found a faded altar of an unknown god.
  1958 | D:3      | Noticed Natasha
  1972 | D:3      | Killed Natasha
  1973 | D:3      | Reached XP level 5. HP: 34/42 MP: 5/5
  1974 | D:3      | Noticed Natasha
  1980 | D:3      | Killed Natasha
  2004 | D:3      | Noticed Terence
  2014 | D:3      | Noticed Natasha
  2019 | D:3      | Killed Terence
  2020 | D:3      | Reached skill level 1 in Polearms
  2020 | D:3      | Reached skill level 1 in Dodging
  2020 | D:3      | Reached skill level 5 in Shields
  2025 | D:3      | Killed Natasha
  2026 | D:3      | Reached skill level 5 in Armour
  2026 | D:3      | Noticed Ijyb
  2105 | D:3      | Killed Ijyb
  2106 | D:3      | Reached XP level 6. HP: 19/48 MP: 6/6
  2380 | D:4      | Reached XP level 7. HP: 9/55 MP: 7/7
  2683 | D:4      | Reached skill level 5 in Fighting
  2891 | D:4      | Noticed an air elemental
  2893 | D:4      | Found a stormy altar of Qazlal.
  2894 | D:4      | Noticed a fire elemental
  2894 | D:4      | Noticed a water elemental
  2973 | D:4      | Reached XP level 8. HP: 62/63 MP: 8/8
  3071 | D:5      | Entered Level 5 of the Dungeon
  3082 | D:5      | Identified the ring of Dusylu Exyo {Fly Str+9}
  3471 | D:5      | Found a glowing silver altar of Zin.
  3479 | D:5      | Found a shadowy altar of Dithmenos.
  3494 | D:5      | Became a worshipper of Zin the Law-Giver
  3494 | D:5      | Reached * piety under Zin
  3721 | D:5      | Found a blossoming altar of Fedhas.
  3721 | D:5      | Found a hide-covered altar of Uskayaw.
  3794 | D:6      | Noticed Blork the orc
  3795 | D:6      | Found a staircase to the Ecumenical Temple.
  3802 | D:6      | Killed Blork the orc
  3811 | Temple   | Entered the Ecumenical Temple
  3998 | D:6      | Reached ** piety under Zin
  4046 | D:6      | Reached XP level 9. HP: 71/71 MP: 9/9
  4057 | D:6      | Noticed Eustachio
  4076 | D:6      | Killed Eustachio
  4293 | D:6      | Noticed Duvessa
  4293 | D:6      | Noticed Dowan
  4313 | D:6      | Killed Duvessa
  4325 | D:6      | Killed Dowan
  4594 | D:7      | Noticed a cyclops
  4605 | D:7      | Killed a cyclops
  5309 | D:7      | Reached skill level 1 in Invocations
  5309 | D:7      | Reached XP level 10. HP: 64/79 MP: 10/10
  5598 | D:7      | Reached skill level 10 in Armour
  6102 | D:7      | Found an ornate altar of the Wu Jian Council.
  6927 | D:8      | Reached skill level 10 in Shields
  6933 | D:8      | Reached *** piety under Zin
  6944 | D:8      | Noticed Grum
  6967 | D:8      | Killed Grum
  7530 | D:8      | Reached XP level 11. HP: 58/83 MP: 14/14
  7630 | D:8      | Noticed Joseph
  7657 | D:8      | HP: 1/81 [Joseph/+0 quarterstaff (5)]
  7658 | D:8      | Killed Joseph
  8165 | D:9      | Noticed a two-headed ogre
  8174 | D:9      | Killed a two-headed ogre
  8175 | D:9      | Reached skill level 5 in Invocations
  8187 | D:9      | Reached skill level 1 in Maces & Flails
  8285 | D:9      | HP: 2/87 [yak (10)]
  8338 | D:9      | HP: 1/87 [yak (7)]
  8384 | D:9      | Reached skill level 5 in Maces & Flails
  8389 | D:9      | Slain by a yak

Illustrated notes

Levels and vault maps discovered:
D:1:      kilobyte_arrival_exit_the_forest, layout_basic
D:2:      layout_loops_ring, basic_altar
D:3:      layout_rooms, ebering_ecumenical_altar_webs, amethyst_killhole,
          nicolae_concentric_dashed_squares_wild, uniq_terence, uniq_natasha,
          uniq_ijyb
D:4:      old_forge, layout_rooms, nicolae_qazlal_style_of_elements,
          serial_bayou_lake_a
D:5:      layout_loops_cross, gammafunk_temple_overflow_statue,
          mainiacjoe_overflow_big_doors
D:6:      layout_basic, minmay_temple_entry_sparse_star, uniq_blork_the_orc,
          uniq_duvessa, uniq_eustachio
D:7:      layout_layer_cave, nzn_wu_jian_council_hall,
          hangedman_abyss_or_decor_stabs, minmay_misc_feat_chi,
          minmay_diced_spiral
D:8:      layout_gridville, minmay_misc_feat_secret_circle, minivault_11,
          uniq_joseph, uniq_grum
D:9:      layout_layer_cave, elyvilon_altar_3, enter_bailey_2
Temple:   bh_familiar_temple

Skill      XL: |  1  2  3  4  5  6  7  8  9 10 11 |
---------------+----------------------------------+-----
Armour         | 4 5 6 7 9 11 | 11.6
Fighting       | 4 5 6 7 8 |  8.8
Polearms       | 1 |  1.3
Dodging        | 1 2 3 4 |  4.2
Shields        | 5 6 7 8 10 11 | 11.0
Invocations    | 1 4 5 |  5.3
Maces & Flails | 5 |  5.1
Staves         | |  2.0
Stealth        | |  0.3

Action                   |  1- 3 |  4- 6 |  7- 9 | 10-12 || total
-------------------------+-------+-------+-------+-------++-------
Melee: Quarterstaff      |    84 |    81 |       |       ||   165
       Halberd           |       |    24 |       |       ||    24
       Unarmed           |       |     8 |       |       ||     8
       Club              |       |    14 |   234 |   300 ||   548
Invok: Vitalisation      |       |       |       |     1 ||     1
 Abil: Dig               |     1 |       |       |       ||     1
Evoke: Wand              |       |       |       |     6 ||     6
  Use: Potion            |       |     4 |       |     7 ||    11
 Stab: Confused          |       |     2 |       |       ||     2
       Held in net/web   |       |       |     1 |       ||     1
       Distracted        |       |       |     1 |     3 ||     4
       Paralysed         |       |       |       |     5 ||     5
Armor: Scale mail        |    40 |    30 |     9 |       ||    79
       Skin              |       |     9 |     3 |       ||    12
       Plate armour      |       |       |    57 |    74 ||   131
Dodge: Dodged            |    35 |    66 |   124 |   162 ||   387
Block: Buckler           |    16 |    25 |    69 |    94 ||   204
